 Dungeon Crawl Stone Soup version 0.30.1-3-gfc49f6343a (webtiles) character file.

Game seed: 10598569648052556124

71 Peloso the Covered (level 4, 41/41 HPs)
             Began as a Minotaur Fighter on July 26, 2023.
             Got out of the dungeon alive.
             The game lasted 00:02:46 (1164 turns).

Peloso the Covered (Minotaur Fighter)               Turns: 1164, Time: 00:02:47

Health: 41/41      AC:  8    Str: 21    XL:     4   Next: 5%
Magic:  3/3        EV:  8    Int:  5    God:
Gold:   86         SH: 10    Dex: 11    Spells: 3/3 levels left

rFire   . . .        a - +0 long sword
rCold   x . .        d - +2 kite shield
rNeg    . . .        b - +0 scale mail
rPois   .            (helmet restricted)
rElec   .            (no cloak)
rCorr   .            c - +0 pair of gloves
SInv    .            (no boots)
Will    +....        (no amulet) Stlth
                     h - ring of willpower
HPRegen 0.26/turn    (no ring)
MPRegen 0.08/turn

%: no passive effects
@: no status effects
A: horns 2, retaliatory headbutt, high MP 1, cold vulnerability 1
a: no special abilities


You escaped.
You visited 1 branch of the dungeon, and saw 3 of its levels.

You collected 86 gold pieces.

Inventory:

Hand Weapons
 a - a +0 long sword (weapon)
Armour
 b - a +0 scale mail (worn)
 c - a +0 pair of gloves (worn)
 d - a +2 kite shield (worn)
Jewellery
 h - a ring of willpower (left hand)
 j - a ring of positive energy
 n - a ring of protection from fire
Wands
 k - a wand of iceblast (11)
Scrolls
 e - a scroll of blinking
 g - a scroll of magic mapping
 i - a scroll of identify {unknown}
 l - a scroll of vulnerability {unknown}
Potions
 f - a potion of might


   Skills:
 + Level 4.3 Fighting
 + Level 3.3 Long Blades
 + Level 4.5 Armour
 + Level 0.2 Dodging
 + Level 4.0 Shields


You had 3 spell levels left.
You didn't know any spells.
Your spell library contained the following spells:

 Spells                   Type           Power      Damage    Failure   Level
 Freeze                   Ice            0%         1d3       97%         1
 Frozen Ramparts          Ice            0%         1d1       100%        3
 Hailstorm                Conj/Ice       0%         3d3       100%        3
 Portal Projectile        Hex/Tloc       0%         N/A       100%        3
 Tukima's Dance           Hex            0%         N/A       100%        3
 Blade Hands              Tmut           0%         N/A       100%        5


Dungeon Overview and Level Annotations

Branches:
Dungeon (3/15)

Altars:


Innate Abilities, Weirdness & Mutations

You have a pair of horns on your head.
You reflexively headbutt those who attack you in melee.
You have an increased reservoir of magic. (+10% MP)
You are vulnerable to cold. (rC-)


Message History

You barely miss the adder. You block the adder's attack.
You hit the adder.
The adder is heavily wounded.
The adder bites you but does no damage. You block the adder's attack.
You closely miss the adder.
The adder is heavily wounded.
The adder bites you but does no damage. x2
You barely miss the adder.
The adder is heavily wounded.
The adder bites you but does no damage. You block the adder's attack.
You closely miss the adder. Your headbutt misses the adder.
The adder is heavily wounded.
The adder bites you but does no damage.
You slash the adder!
You kill the adder!
You have reached level 4!
You feel stronger.
It was a potion of heal wounds.
You feel much better.
It was a potion of mutation.
You feel extremely strange.
You feel vulnerable to cold.
You feel more energetic.
It was a potion of flight.
You feel very buoyant.
You fly up into the air.
(D) Dungeon
Where to? (Enter - D:12, ? - help)
What level of the Dungeon? (default 1, ? - help)
You are starting to lose your buoyancy.
There is a stone staircase leading down here.
You float gracefully downwards.
There is a stone staircase leading up here.
You climb upwards.
There is a stone staircase leading down here.
There is a stone staircase leading up here.
You climb upwards.
There is a stone staircase leading down here.
Things that are here:
3 stones; a +0 club
There is a staircase leading out of the dungeon here.
Are you sure you want to leave the Dungeon?
This will make you lose the game!
You have escaped!

##..#.# #..##..# #.#
##.#.######....####.#
#........##...#.##.#
#.#.#.##..#...#.##.#
#.#.#.#####...#.##.#
#...[.###.....#....#
#.....#.....###.##.##
#....##....## #.##..#
#....#@...## #####.#
######....### ##....#
#......###.....#
####.......(.#### #####
#..###.......#
#########...###..####......#
..........#.........#..##..#
#########...####....#..##..#
#..## #..###......#


There were no monsters in sight!

Vanquished Creatures
  2 adders
  3 dart slugs
  A ball python (D:1)
  5 endoplasms
  5 giant cockroaches
  7 goblins
  4 hobgoblins (D:1)
  5 jackals
  2 kobolds
  2 quokkas
  A frilled lizard (D:1)
  A rat (D:1)
38 creatures vanquished.

Notes
Turn   | Place    | Note
-------+----------+-------------------------------------------
     0 | D:1      | Peloso the Minotaur Fighter began the quest for the Orb.
     0 | D:1      | Reached XP level 1. HP: 19/19 MP: 0/0
    41 | D:1      | Reached XP level 2. HP: 16/27 MP: 1/1
   389 | D:1      | Reached XP level 3. HP: 31/33 MP: 2/2
  1102 | D:3      | Reached XP level 4. HP: 41/41 MP: 3/3
  1103 | D:3      | Gained mutation: You are vulnerable to cold. (rC-) [potion
                  | of mutation]
  1103 | D:3      | Gained mutation: You have an increased reservoir of magic.
                  | (+10% MP) [potion of mutation]
  1164 | D:$      | Got out of the dungeon alive.

Illustrated notes

Levels and vault maps discovered:
D:1:      amcnicky_arrival_wind_blow, layout_loops_ring
D:2:      layout_rooms, minmay_misc_feat_encased, grunt_ministairs_15,
          skrybe_limestone_x
D:3:      layout_basic, shapermc_ecumenical_altar_venn

Skill      XL: |  1  2  3 |
---------------+----------+-----
Fighting       | 4 |  4.3
Armour         | 4 |  4.5
Shields        | 4 |  4.0
Long Blades    | 3 |  3.3
Dodging        | |  0.2

Action                     |  1- 3 |  4- 6 || total
---------------------------+-------+-------++-------
  Melee: Long sword        |    85 |       ||    85
         Headbutt          |     4 |       ||     4
    Use: Scroll            |     3 |       ||     3
         Potion            |       |     3 ||     3
 Armour: Scale mail        |    45 |       ||    45
  Dodge: Dodged            |    44 |       ||    44
  Block: Buckler           |    13 |       ||    13
         Kite shield       |    14 |       ||    14
